 Dungeon Crawl Stone Soup version 0.31-a0-819-gf6de2f5ab6 (webtiles) character file.

Game seed: 6929984112556966505

1 qw the Shooter (level 1, 0/12 HPs)
             Began as a Gargoyle Hunter on Sept 23, 2023.
             Slain by a kobold
             ... wielding a +0 short sword
              (2 damage)
             ... on level 2 of the Dungeon.
             The game lasted 00:00:03 (47 turns).

qw the Shooter (Gargoyle Hunter)                      Turns: 47, Time: 00:00:03

Health: 0/12       AC:  7    Str: 14    XL:     1   Next: 20%
Magic:  1/1        EV: 10    Int:  9    God:
Gold:   0          SH:  0    Dex: 13    Spells: 0/0 levels left

rFire   . . .        Y - +0 shortbow
rCold   . . .        (shield currently unavailable)
rNeg    + . .        d - +0 ring mail
rPois   inf          (no helmet)
rElec   +            (no cloak)
rCorr   .            (no gloves)
SInv    .            (no boots)
Will    .....        (no amulet)
Stlth   +            (no ring)
HPRegen 0.22/turn    (no ring)
MPRegen 0.07/turn

%: no passive effects
@: no status effects
A: sickness immunity, AC +2, negative energy resistance 1, electricity
resistance, torment resistance 1, petrification resistance
a: no special abilities


You were on level 2 of the Dungeon.
You visited 1 branch of the dungeon, and saw 2 of its levels.


Innate Abilities, Weirdness & Mutations

You are immune to sickness and miasma.
Your stone body is resilient. (AC +2)
You are immune to poison.
You resist negative energy. (rN+)
You are resistant to electric shocks. (rElec)
You are resistant to unholy torment.
You are immune to petrification.


   Skills:
 - Level 2.1 Fighting
 - Level 4.0 Ranged Weapons
 + Level 0.4 Armour
 - Level 1.5 Dodging
 - Level 1.1 Stealth


You couldn't memorise any spells.
You didn't know any spells.
Your spell library was empty.

Inventory:

Hand Weapons
 Y - a +0 shortbow (weapon)
Armour
 d - a +0 ring mail (worn)
Scrolls
 b - a scroll of butterflies

Dungeon Overview and Level Annotations

Branches:
Dungeon (2/15)

Altars:

Shops:
D:2 :


Message History

The quokka bites you but does no damage.
The adder barely misses you. The quokka barely misses you.
The adder bites you but does no damage.
You shoot an arrow. The arrow closely misses the adder.
The arrow barely misses the goblin.
The quokka bites you but does no damage.
The adder barely misses you.
You shoot an arrow. The arrow barely misses the adder.
The arrow misses the goblin.
The adder bites you but does no damage. The quokka closely misses you.
The adder bites you but does no damage.
The quokka bites you but does no damage.
You shoot an arrow. The arrow closely misses the adder.
The arrow closely misses the goblin.
The adder bites you but does no damage. The quokka barely misses you.
The adder barely misses you. The quokka bites you.
You shoot an arrow. The arrow misses the adder.
The arrow hits the goblin!
You kill the goblin!
The adder bites you. The quokka barely misses you.
You shoot an arrow. The arrow closely misses the adder.
The adder bites you. The quokka barely misses you. The adder bites you.
The quokka bites you but does no damage.
You shoot an arrow. The arrow misses the adder.
The arrow completely misses the kobold.
The adder bites you but does no damage. The quokka bites you.
The adder bites you but does no damage.
You shoot an arrow.
The arrow hits the adder but does no damage.
The adder is heavily wounded.
The quokka closely misses you. The adder barely misses you.
The quokka closely misses you. The adder bites you but does no damage.
You shoot an arrow. The arrow barely misses the adder.
The arrow hits the kobold.
The kobold is severely wounded.
The adder closely misses you. The quokka bites you.
You shoot an arrow. The arrow hits the adder.
You kill the adder!
The quokka barely misses you. x2
The kobold hits you with a +0 short sword.
You die...

###.. .##
#... ...#
#.#..(#.#
#..#.#.. .
#...\.....
#).#.#....
#K#...#.#
#@rg...)#
###g.#..#
.....
.#.....
..#....#
... ...#
#.# ..#
#.# ..# #.
.#


You could see a quokka, 2 hobgoblins and a kobold.

Vanquished Creatures
  An adder (D:2)
  A goblin (D:2)
2 creatures vanquished.

Notes
Turn   | Place    | Note
-------+----------+-------------------------------------------
     0 | D:1      | qw the Gargoyle Hunter began the quest for the Orb.
     0 | D:1      | Reached XP level 1. HP: 12/12 MP: 1/1
     0 | D:1      | 0 ||| qw: Version: 0.3-a-83-gcd0e7d8
     0 | D:1      | 0 ||| qw: Game counter: 1557
     0 | D:1      | 0 ||| qw: Melee chars always use a shield: true
     0 | D:1      | 0 ||| qw: God list: Okawaru
     0 | D:1      | 0 ||| qw: Allow faded altars: false
     0 | D:1      | 0 ||| qw: Do Orc after clearing Dungeon:15 true
     0 | D:1      | 0 ||| qw: Do second Lair branch before Depths: true
     0 | D:1      | 0 ||| qw: Lair rune preference: random
     0 | D:1      | 0 ||| qw: Goals: Normal
     0 | D:1      | 0 ||| PLANNING D:1-11
    19 | D:1      | You fall into a shaft and drop 1 floor!
    20 | D:2      | 20 ||| UPGRADING to +0 ring mail.
    30 | D:2      | 30 ||| DROPPING +0 leather armour.
    31 | D:2      | 31 ||| READING scroll labelled NIAC YHALO.
    33 | D:2      | Found Zong's Book Boutique.
    35 | D:2      | 35 ||| Stepping ~*~*~tactically~*~*~ (retreating).
    44 | D:2      | HP: 3/12 [quokka (1)]
    47 | D:2      | Slain by a kobold

Levels and vault maps discovered:
D:1:      dpeg_arrival_solitude, layout_rooms, chequers_ecumenical_altar_island
D:2:      layout_loops_ring, serial_shops, nicolae_shop_advertising_works
          [nicolae_subvault_shop_adworks], serial_bayou, serial_bayou_pond_c,
          serial_bayou_ford_a, serial_bayou_lagoon_b, serial_bayou_crossing,
          uniq_sigmund

Action                     || total
---------------------------++-------
   Fire: Shortbow          ||    13
    Use: Scroll            ||     1
 Armour: Ring mail         ||    23
  Dodge: Dodged            ||    19

Table legend:
 A = Non-vault XP
 B = Vault XP
 C = Vault XP percentage of total XP
 D = Non-vault monster count
 E = Vault monster count
 F = Vault count percentage of total count
                 A         B        C        D         E       F
            +---------+---------+-------+---------+---------+-------
      Total |      15 |       0 |   0.0 |       2 |       0 |   0.0
            +---------+---------+-------+---------+---------+-------
        D:2 |      15 |       0 |   0.0 |       2 |       0 |   0.0
            +---------+---------+-------+---------+---------+-------
